 Dungeon Crawl Stone Soup version 0.30.1-4-g462c640d31 (webtiles) character file.

Game seed: 14267582368592409741

64 boopmooplesden the Covered (level 4, -1/29 HPs)
             Began as a Gargoyle Fighter on Sept 8, 2023.
             Slain by a white imp (2 damage)
             ... on level 3 of the Dungeon.
             The game lasted 00:02:03 (1416 turns).

boopmooplesden the Covered (Gargoyle Fighter)       Turns: 1416, Time: 00:02:04

Health: -1/29      AC: 10    Str: 21    XL:     4   Next: 12%
Magic:  4/4        EV:  9    Int:  9    God:
Gold:   92         SH:  4    Dex:  9    Spells: 3/3 levels left

rFire   . . .        a - +2 flail
rCold   . . .        c - +0 buckler
rNeg    + . .        b - +0 scale mail
rPois   ∞            (no helmet)
rElec   +            (no cloak)
rCorr   .            (no gloves)
SInv    .            (no boots)
Will    .....        (no amulet) Stlth
                     (no ring)
HPRegen 0.24/turn    (no ring)
MPRegen 0.09/turn

%: no passive effects
@: no status effects
A: sickness immunity, AC +3, negative energy resistance 1, electricity
resistance, torment resistance 1, petrification resistance
a: no special abilities


You were on level 3 of the Dungeon.
You visited 1 branch of the dungeon, and saw 3 of its levels.

You collected 92 gold pieces.

Inventory:

Hand Weapons
 a - a +2 flail (weapon)
Armour
 b - a +0 scale mail (worn)
 c - a +0 buckler (worn)
Jewellery
 f - a ring of protection from cold
Potions
 d - 2 potions of might
 e - a potion of mutation
 g - 2 potions of heal wounds
 h - a potion of brilliance {unknown}


   Skills:
 + Level 3.9 Fighting
 + Level 2.5 Maces & Flails
 + Level 4.0 Armour
 + Level 3.8 Shields


You had 3 spell levels left.
You didn't know any spells.
Your spell library contained the following spells:

 Spells                   Type           Power      Damage    Failure   Level
 Sandblast                Erth           0%         2d4       78%         1
 Passwall                 Tmut/Erth      0%         N/A       89%         2
 Stone Arrow              Conj/Erth      0%         3d7       98%         3


Dungeon Overview and Level Annotations

Branches:
Dungeon (3/15)

Altars:
Ru


Innate Abilities, Weirdness & Mutations

You are immune to sickness and miasma.
Your stone body is resilient. (AC +3)
You are immune to poison.
You resist negative energy. (rN+)
You are resistant to electric shocks. (rElec)
You are resistant to unholy torment.
You are immune to petrification.


Message History

The adder barely misses you. The quokka barely misses you.
You block the white imp's attack. The adder bites you but does no damage.
The quokka bites you but does no damage.
You miss the adder.
The adder is almost dead.
The white imp hits you but does no damage.
The adder bites you but does no damage. The quokka closely misses you.
The white imp hits you but does no damage.
You thump the adder!
You kill the adder!
The quokka twitches its whiskers.
The quokka bites you. You block the white imp's attack.
The quokka bites you but does no damage.
Your Armour skill increases to level 4!
You have reached level 4!
You feel clever.
You closely miss the quokka. You block the quokka's attack.
The white imp hits you but does no damage.
You completely miss the quokka. You block the quokka's attack.
The white imp hits you but does no damage.
The quokka barely misses you.
You sock the quokka!
You kill the quokka!
The white imp misses you. The white imp barely misses you.
The white imp lashes its tail.
The white imp hits you but does no damage.
You see here a quokka corpse.
You completely miss the white imp.
The white imp hits you but does no damage.
You hit the white imp but do no damage. The white imp gestures at you.
The puff of frost hits you!
* * * LOW HITPOINT WARNING * * *
You closely miss the white imp. The white imp barely misses you.
The white imp shouts, "Give up, thou weedy weevil-witted reprobate!"
The white imp gestures at you. The puff of frost hits you.
* * * LOW HITPOINT WARNING * * *
You closely miss the white imp. The white imp hits you.
You die...

#########
#.......#
.####.......#
............#
##........#
..#...5<....#
......†@....#
.##...?.....#
#..#.######
.......
###..## #..
#. ##


You could see a white imp.

Vanquished Creatures
  An adder (D:3)
  3 dart slugs (D:1)
  6 bats
  3 endoplasms
  2 giant cockroaches
  5 goblins
  5 hobgoblins (D:1)
  2 quokkas
  4 ball pythons
  3 frilled lizards
  7 kobolds
  3 rats
44 creatures vanquished.

Notes
Turn   | Place    | Note
-------+----------+-------------------------------------------
     0 | D:1      | boopmooplesden the Gargoyle Fighter began the quest for the
                  | Orb.
     0 | D:1      | Reached XP level 1. HP: 14/14 MP: 1/1
   114 | D:1      | Reached XP level 2. HP: 19/19 MP: 2/2
   351 | D:1      | Reached XP level 3. HP: 20/24 MP: 3/3
  1273 | D:2      | Found a sacrificial altar of Ru.
  1409 | D:3      | Reached skill level 4 in Armour
  1409 | D:3      | Reached XP level 4. HP: 11/29 MP: 4/4
  1415 | D:3      | HP: 1/29 [white imp/puff of frost (2)]
  1416 | D:3      | Slain by a white imp

Illustrated notes

Levels and vault maps discovered:
D:1:      dpeg_arrival_fog, layout_loops_corners, minmay_stone_trees_small
D:2:      layout_basic, basic_altar, amcnicky_mini_corridor_feature,
          chequers_serial_rivers_micro_a, minivault_26
D:3:      layout_loops_cross, portal_sewer_entry_c, minivault_25,
          uniq_crazy_yiuf_cottage, uniq_jessica, uniq_grinder

Skill      XL: |  1  2  3 |
---------------+----------+-----
Armour         | 4 |  4.0
Fighting       | |  3.9
Maces & Flails | |  2.5
Shields        | |  3.8

Action                     |  1- 3 |  4- 6 || total
---------------------------+-------+-------++-------
  Melee: Flail             |   145 |     7 ||   152
    Use: Scroll            |     5 |       ||     5
 Armour: Scale mail        |    91 |     4 ||    95
  Dodge: Dodged            |    90 |     4 ||    94
  Block: Buckler           |    38 |     2 ||    40
